 Dungeon Crawl Stone Soup version 0.18-a0-1789-gbeff17f (webtiles) character file.

93 Mefis the Magician (level 4, 0/31 HPs)
             Began as a Human Wizard on Apr 21, 2016.
             Slain by an orc wizard
             ... wielding a +0 dagger
              (3 damage)
             ... on level 3 of the Dungeon.
             The game lasted 00:13:27 (2896 turns).

Mefis the Magician (Human Wizard)                   Turns: 2896, Time: 00:13:28

Health: 0/31       AC:  2    Str:  7    XL:     4   Next: 91%
Magic:  0/10       EV: 12    Int: 20    God:
Gold:   44         SH:  0    Dex: 11    Spells: 5 memorised, 1 level left

rFire  . . .     SeeInvis .     g - +0 club (curse)
rCold  . . .     Gourm    .     a - +0 robe
rNeg   . . .     Faith    .     (no shield)
rPois  .         Spirit   .     b - +0 hat
rElec  .         Dismiss  .     (no cloak)
rCorr  .         Reflect  .     (no gloves)
SustAt .         Harm     .     (no boots)
MR     .....                    (no amulet)
Stlth  ++........               (no ring)
                                (no ring)

@: very slightly contaminated, hasted and slowed, repel missiles, not resistant
to hostile enchantments, unstealthy
A: no striking features
a: no special abilities


You were on level 3 of the Dungeon.
You were not hungry.

You visited 1 branch of the dungeon, and saw 3 of its levels.

You collected 44 gold pieces.

Inventory:

Hand Weapons
 g - a cursed +0 club (weapon)
 h - a +0 dagger
 k - a +0 hunting sling
 n - a +2 dagger of venom
Missiles
 j - 22 arrows
 q - 84 stones (quivered)
Armour
 a - a +0 robe (worn)
 b - a +0 hat (worn)
Jewellery
 i - a cursed ring of loudness
Potions
 l - a potion of resistance {unknown}
 o - a potion of agility {unknown}
 p - a potion of curing {unknown}
 r - a potion of berserk rage {unknown}
Books
 c - a book of Minor Magic

   Spells                             Type                      Level
   a - Magic Dart                     Conjuration                  1
   b - Blink                          Translocation                2
   c - Call Imp                       Summoning                    2
   d - Repel Missiles                 Charms/Air                   2
   e - Slow                           Hexes                        2
   f - Conjure Flame                  Conjuration/Fire             3
   g - Mephitic Cloud                 Conjuration/Poison/Air       3
Comestibles
 d - 3 bread rations
 f - 2 beef jerkies
 m - a meat ration
 s - 5 fruits
 u - a royal jelly


   Skills:
 + Level 0.8 Fighting
 + Level 2.2 Dodging
 + Level 2.4 Stealth
 + Level 4.1 Spellcasting
 + Level 1.7 Conjurations
 + Level 1.1 Summonings
 + Level 1.0 Translocations
 + Level 0.2 Poison Magic


You had one spell level left.
You knew the following spells:

 Your Spells              Type           Power        Failure   Level  Hunger
a - Magic Dart            Conj           ##..         10%         1    None
b - Call Imp              Summ           #.......     14%         2    #......
c - Blink                 Tloc           N/A          14%         2    #......
d - Repel Missiles        Chrm/Air       #.....       21%         2    #......
e - Mephitic Cloud        Conj/Pois/Air  #.......     30%         3    ###....


Dungeon Overview and Level Annotations

Branches:
Dungeon (3/15)

Altars:
Nemelex Xobeh
Pakellas
Yredelemnul
The Shining One


Message History

There is a stone staircase leading up here.
Casting: Magic Dart
Confirm with . or Enter, or press ? or * to list all spells.
Aiming: Magic Dart
Press: ? - help, Shift-Dir - straight line, f - orc wizard
Aim: an orc wizard, wielding a dagger and wearing a robe (almost dead, fast)
The magic dart hits the orc wizard.
The orc wizard is almost dead.
The orc wizard gestures wildly while chanting.
The orc wizard flickers and vanishes!
Deactivating autopickup; reactivate with Ctrl-A.
You hear some strange, mumbled words.
A puff of flame appears from out of thin air!
The puff of flame hits you!
* * * LOW HITPOINT WARNING * * *
Drink which item? (? for menu, Esc to quit)
It was a potion of haste.
You feel yourself speed up. Something hits you.
* * * LOW HITPOINT WARNING * * *
Something hits you.
You die...

.# #. .# #.#
.#
##.######.##
..........
#.#...#.#
#.....#.#
#######.....#
#.{@.....####
......########
#####


There were no monsters in sight!

Vanquished Creatures
  2 adders (D:2)
  A giant gecko (D:1)
  2 orcs (D:2)
  4 bats
  4 giant cockroaches
  8 goblins
  2 hobgoblins
  3 jackals (D:2)
  A quokka (D:2)
  A giant newt (D:1)
  7 kobolds
  4 rats (D:1)
39 creatures vanquished.

Vanquished Creatures (collateral kills)
  An orc wizard (D:2)
  An adder (D:2)
  A worm (D:2)
  2 gnoll zombies (D:2)
  4 jackals (D:2)
9 creatures vanquished.

Vanquished Creatures (others)
  A bat (D:2)
1 creature vanquished.

Grand Total: 49 creatures vanquished

Notes
Turn   | Place    | Note
--------------------------------------------------------------
     0 | D:1      | Mefis the Human Wizard began the quest for the Orb.
     0 | D:1      | Reached XP level 1. HP: 13/13 MP: 4/4
   293 | D:1      | Reached XP level 2. HP: 19/19 MP: 4/6
   297 | D:1      | Learned a level 2 spell: Call Imp
   300 | D:1      | Learned a level 2 spell: Blink
   303 | D:1      | Learned a level 2 spell: Repel Missiles
  1014 | D:1      | Reached XP level 3. HP: 24/24 MP: 5/8
  1504 | D:2      | Found a sparkling altar of Nemelex Xobeh.
  1507 | D:2      | Found a glowing golden altar of the Shining One.
  1635 | D:2      | Reached XP level 4. HP: 26/30 MP: 0/9
  1642 | D:2      | Learned a level 3 spell: Mephitic Cloud
  1979 | D:2      | Found a basalt altar of Yredelemnul.
  1979 | D:2      | Found an oddly glowing altar of Pakellas.
  2040 | D:2      | Reached skill level 4 in Spellcasting
  2896 | D:3      | Slain by an orc wizard

Vault maps used:
D:1:      tarquinn_simple_flora_water_f, minmay_misc_feat_hallway
D:2:      grunt_qazlal_clouds, lemuel_zombie_altar_yredelemnul,
          lemuel_coloured_pillars_altar, minitemple, first_bread
D:3:      wad_pebble_path, old_standard_altar, lemuel_doored_altar,
          grunt_dithmenos_smoke

Skill      XL: |  1  2  3  4 |
---------------+-------------+-----
Spellcasting   | 4 |  4.1
Fighting       | |  0.8
Dodging        | |  2.2
Stealth        | |  2.4
Conjurations   | |  1.7
Summonings     | |  1.1
Translocations | |  1.0
Poison Magic   | |  0.2

Action                   |  1- 3 |  4- 6 || total
-------------------------+-------+-------++-------
Melee: Club              |    16 |    27 ||    43
 Cast: Magic Dart        |    67 |    36 ||   103
       Repel Missiles    |     1 |       ||     1
       Call Imp          |       |    13 ||    13
       Mephitic Cloud    |       |     2 ||     2
       Blink             |       |     2 ||     2
  Use: Scroll            |     2 |     1 ||     3
       Potion            |       |     1 ||     1
 Stab: Sleeping          |     2 |       ||     2
  Eat: Chunk             |     2 |     4 ||     6
       Bread ration      |       |     1 ||     1
Armor: Robe              |     8 |    15 ||    23
Dodge: Dodged            |    22 |    30 ||    52
       Deflected         |     1 |       ||     1
